 Dungeon Crawl Stone Soup version 0.30-a0-719-gcc4359ea44 (webtiles) character file.

Game seed: 12484650968175361976

7 Arximoufas the Firebug (level 2, 0/19 HPs)
             Began as a Barachi Fire Elementalist on Jan 26, 2023.
             Slain by a goblin
             ... wielding a +0 club
              (3 damage)
             ... on level 2 of the Dungeon.
             The game lasted 00:01:30 (238 turns).

Arximoufas the Firebug (Barachi Fire Elementalist)   Turns: 238, Time: 00:01:30

Health: 0/19       AC:  2    Str:  9    XL:     2   Next: 0%
Magic:  5/5        EV: 12    Int: 15    God:
Gold:   18         SH:  0    Dex: 12    Spells: 4/5 levels left

rFire   . . .      SeeInvis .    (no weapon)
rCold   . . .      Faith    .    (no shield)
rNeg    . . .      Spirit   .    a - +0 robe
rPois   .          Reflect  .    (no helmet)
rElec   .          Harm     .    (no cloak)
rCorr   .          Rampage  .    (no gloves)
Will    .....                    (no boots)
Stlth   ++                       (no amulet)
HPRegen 0.23/turn                (no ring)
MPRegen 0.09/turn                (no ring)

@: slow
A: amphibious, slowness 1, strong legs 1, +LOS
a: Hop


You were on level 2 of the Dungeon.
You visited 1 branch of the dungeon, and saw 2 of its levels.

You collected 18 gold pieces.

Inventory:

Armour
 a - a +0 robe (worn)
Potions
 b - a potion of magic


   Skills:
 - Level 2.1 Dodging
 - Level 1.7 Stealth
 + Level 2.3 Spellcasting
 * Level 1.7 Conjurations
 + Level 3.4 Fire Magic


You had 4 spell levels left.
You knew the following spells:

 Your Spells              Type           Power      Damage    Failure   Level
a - Foxfire               Conj/Fire      36%        2x1d5     8%          1

Your spell library contained the following spells:

 Spells                   Type           Power      Damage    Failure   Level
 Scorch                   Fire           24%        2d6       8%          2
 Inner Flame              Hex/Fire       6%         N/A       32%         3
 Kindle Blastsparks       Fire/Tloc/Air  10%        2d10      38%         3
 Flame Wave               Conj/Fire      9%         2d6       58%         4


Dungeon Overview and Level Annotations

Branches:
Dungeon (2/15)

Altars:


Innate Abilities, Weirdness & Mutations

You are amphibious.
You cover ground slowly.
You can hop short distances.
You have an extended range of vision and can be seen from far away.


Message History

The jackal bites you.
* * * LOW HITPOINT WARNING * * *
The jackal closely misses you.
A goblin comes into view. It is wielding a +0 club.
The jackal bites you.
* * * LOW HITPOINT WARNING * * *
The jackal attacks as you move away! The jackal closely misses you.
The jackal barely misses you. The black bear barely misses you. x3
Found a leather armour.
The jackal bites you but does no damage.
A goblin comes into view. It is wielding a +0 club.
The jackal attacks as you move away! The jackal barely misses you.
The jackal closely misses you. The jackal attacks as you move away!
The jackal misses you. The jackal bites you.
* * * LOW HITPOINT WARNING * * *
The jackal bites you but does no damage.
The jackal attacks as you move away! The jackal completely misses you.
The jackal barely misses you. The jackal attacks as you move away!
The jackal barely misses you.
A kobold comes into view.
It is wielding a +0 dagger of electrocution.
The jackal closely misses you. x2
The kobold shouts!
The jackal closely misses you. The kobold barely misses you.
The kobold closely misses you. The jackal attacks as you move away!
The jackal closely misses you. The kobold attacks as you move away!
The kobold hits you but does no damage. The jackal misses you.
The jackal closely misses you. The jackal bites you.
* * * LOW HITPOINT WARNING * * *
The jackal bites you.
* * * LOW HITPOINT WARNING * * *
The jackal attacks as you move away!
The jackal bites you but does no damage. x2
The goblin misses you. The giant cockroach bites you.
* * * LOW HITPOINT WARNING * * *
The jackal misses you. The goblin hits you with a +0 club.
You die...

###### #h.B.##### ##
#.##h###.###.###.
#.#..B@..........
#.g.##g###.###.# .[
#.#.#K..........#.#
##.#...##.###.##...
....#.#.#.......#.# ##
##...#...##.##...#..#
.....#.#.#.#...#.#.#.#
.....#...#...⌠...#...#
...####.#.#.#...#.#.#.#.


You could see a black bear, a jackal, 2 giant cockroaches, 2 goblins and a
kobold.

Vanquished Creatures
  A bat (D:1)
  A goblin (D:1)
  2 jackals
  A kobold (D:1)
  A rat (D:1)
6 creatures vanquished.

Vanquished Creatures (others)
  15 foxfires (D:1)
15 creatures vanquished.

Grand Total: 21 creatures vanquished

Notes
Turn   | Place    | Note
-------+----------+-------------------------------------------
     0 | D:1      | Arximoufas the Barachi Fire Elementalist began the quest
                  | for the Orb.
     0 | D:1      | Reached XP level 1. HP: 13/13 MP: 3/3
   189 | D:2      | Reached XP level 2. HP: 10/19 MP: 1/5
   215 | D:2      | Noticed a black bear
   238 | D:2      | Slain by a goblin

Illustrated notes

Levels and vault maps discovered:
D:1:      saegor_arrival_simple_b, layout_loops_cross,
          shapermc_ecumenical_altar_petra
D:2:      layout_basic, serial_shops, shop, basic_altar, st_stairs_10,
          nicolae_concentric_dashed_squares_wild, hex_tiny

Action                     || total
---------------------------++-------
  Melee: Unarmed           ||    16
   Cast: Foxfire           ||    11
 Armour: Robe              ||    15
  Dodge: Dodged            ||    74

Table legend: (Time is in decaauts)
 A = Elapsed time spent in this place.
 B = Non-inter-level travel time spent in this place.
 C = Inter-level travel time spent in this place.
 D = Time resting spent in this place.
 E = Time spent auto-exploring this place.
 F = Levels seen in this place.
 G = Mean time per level.
                   A        B        C        D        E       F      G
               +--------+--------+--------+--------+--------+-----+--------+
         Total |    261 |    261 |      0 |     51 |     73 |   2 |  130.5 |
       Dungeon |    261 |    261 |      0 |     51 |     73 |   2 |  130.5 |
               +--------+--------+--------+--------+--------+-----+--------+

Top non-repeatable levels by time:
     D:1: 196 daAuts
     D:2: 64 daAuts
